 Dungeon Crawl Stone Soup version 0.31-a0-177-g4aa6249778 (webtiles) character file.

Game seed: 16041834076009712595

84 qw the Chopper (level 4, -3/28 HPs)
             Began as a Gargoyle Fighter on June 18, 2023.
             Killed from afar by Natasha (8 damage)
             ... with a magic dart
             ... on level 2 of the Dungeon.
             The game lasted 00:00:42 (1152 turns).

qw the Chopper (Gargoyle Fighter)                   Turns: 1152, Time: 00:00:42

Health: -3/28      AC: 11    Str: 22    XL:     4   Next: 46%
Magic:  4/4        EV:  9    Int:  8    God:
Gold:   21         SH:  4    Dex:  9    Spells: 3/3 levels left

rFire   . . .        Y - +1 war axe
rCold   . . .        c - +0 buckler
rNeg    + . .        b - +0 scale mail
rPois   inf          a - +1 hat "Mochyesm" {Drain +Blink rPois}
rElec   +            (no cloak)
rCorr   .            (no gloves)
SInv    .            (no boots)
Will    .....        (no amulet) Stlth
                     (no ring)
HPRegen 0.24/turn    (no ring)
MPRegen 0.09/turn

%: no passive effects
@: no status effects
A: sickness immunity, AC +3, negative energy resistance 1, electricity
resistance, torment resistance 1, petrification resistance
a: Evoke Blink


You were on level 2 of the Dungeon.
You visited 1 branch of the dungeon, and saw 2 of its levels.

You collected 21 gold pieces.


Innate Abilities, Weirdness & Mutations

You are immune to sickness and miasma.
Your stone body is resilient. (AC +3)
You are immune to poison.
You resist negative energy. (rN+)
You are resistant to electric shocks. (rElec)
You are resistant to unholy torment.
You are immune to petrification.


   Skills:
 - Level 3.2 Fighting
 + Level 4.1 Axes
 - Level 3.2 Armour
 - Level 3.2 Shields


You had 3 spell levels left.
You didn't know any spells.
Your spell library was empty.

Inventory:

Hand Weapons
 e - a +0 club
 Y - a +1 war axe (weapon)
Armour
 a - the +1 hat "Mochyesm" (worn) {Drain +Blink rPois}
   (You acquired it on level 1 of the Dungeon)

   rPois:     It protects you from poison.
   +Blink:    It lets you blink.
   Drain:     It drains your maximum health when unequipped.
 b - a +0 scale mail (worn)
 c - a +0 buckler (worn)
 f - a +0 helmet
 k - a +0 pair of boots
Jewellery
 g - a ring of fire
Scrolls
 h - a scroll of identify {unknown}
 j - a scroll of amnesia {unknown}
Potions
 d - a potion of might
 i - a potion of magic {unknown}

Dungeon Overview and Level Annotations

Branches:
Dungeon (2/15)

Altars:

Annotations:
D:2 Natasha


Message History

Something claws you. Something claws you but does no damage.
You hit something. Something claws you but does no damage.
You hit something but do no damage. Something claws you but does no damage.
You closely miss something. Something claws you but does no damage.
You hear some strange, mumbled words.
The cerulean imp hits you but does no damage.
Something claws you but does no damage.
You slash the cerulean imp!
The cerulean imp is heavily wounded.
You miss something. Something claws you. The cerulean imp barely misses you.
You miss the cerulean imp.
The cerulean imp is heavily wounded.
You closely miss something.
The cerulean imp hits you with a +2 spear.
Something claws you.
You closely miss the cerulean imp.
The cerulean imp is heavily wounded.
You closely miss something. The cerulean imp barely misses you.
Something claws you.
You slash the cerulean imp!
You kill the cerulean imp!
The cerulean imp disappears in a puff of smoke!
You hit something. Something claws you but does no damage. Something claws you.
You miss something. Something claws you.
You miss something. Something claws you but does no damage.
Something claws you.
You closely miss something.
You hear some strange, mumbled words.
Something tries to affect you, but you resist.
You miss something.
You hear some strange, mumbled words.
A magic dart appears from out of thin air!
The magic dart hits you!
You die...

#.........#.#
..#..#..
#.........#.##
##.##.#..
#............#
#.##....
########.....#
#. ##...
##.....# #.##
#......#
#.###..#
##......#
#.......
#......##
######.#
#..@...# #..
##.{....# ##.
#.....#.# .
#..#..#.# .
#..#..... .
#......... .
.........#
.##.#.....# .
.... ..##


There were no monsters in sight!

Vanquished Creatures
  Robin (D:2)
  2 adders (D:2)
  A dart slug (D:1)
  2 ball pythons (D:1)
  2 endoplasms (D:1)
  16 goblins
  7 hobgoblins
  A quokka (D:1)
  4 bats (D:1)
  3 frilled lizards (D:1)
  5 kobolds
  5 rats
49 creatures vanquished.

Notes
Turn   | Place    | Note
-------+----------+-------------------------------------------
     0 | D:1      | qw the Gargoyle Fighter began the quest for the Orb.
     0 | D:1      | Reached XP level 1. HP: 14/14 MP: 1/1
     0 | D:1      | 0 ||| qw: Version: 0.3-a-7-g5d187d3
     0 | D:1      | 0 ||| qw: Game counter: 707
     0 | D:1      | 0 ||| qw: Always use a shield: true
     0 | D:1      | 0 ||| qw: God list: Okawaru
     0 | D:1      | 0 ||| qw: Allow faded altars: false
     0 | D:1      | 0 ||| qw: Do Orc after D:15 true
     0 | D:1      | 0 ||| qw: Do second Lair branch before Depths: true
     0 | D:1      | 0 ||| qw: Lair rune preference: random
     0 | D:1      | 0 ||| qw: Plans: Normal, Zot:1-4, Slime:5, God:TSO, Crypt,
                  | Tomb, Abyss, Pan, Hells, Win
     0 | D:1      | 0 ||| PLANNING D:1-11
    31 | D:1      | 31 ||| Stepping ~*~*~tactically~*~*~ (stealth).
    47 | D:1      | Reached skill level 2 in Axes
    63 | D:1      | 63 ||| Stepping ~*~*~tactically~*~*~ (stealth).
    75 | D:1      | 75 ||| FLEEEEING.
    76 | D:1      | 76 ||| FLEEEEING.
    77 | D:1      | 77 ||| FLEEEEING.
    78 | D:1      | 78 ||| FLEEEEING.
    79 | D:1      | 79 ||| FLEEEEING.
    83 | D:1      | Reached XP level 2. HP: 18/19 MP: 2/2
   336 | D:1      | Reached skill level 3 in Axes
   486 | D:1      | Reached XP level 3. HP: 23/23 MP: 3/3
   862 | D:1      | 862 ||| READING scroll labelled JONKIKL RARATZO.
   863 | D:1      | 863 ||| READING scroll labelled SETHUO CIEF WIT.
   864 | D:1      | 864 ||| READING scroll labelled ROYR ADGHEAFE.
   864 | D:1      | Identified a scroll of acquirement
   864 | D:1      | 864 ||| ACQUIRING +1 hat "Mochyesm" {Drain +Blink rPois}
   864 | D:1      | Acquired the +1 hat "Mochyesm" {Drain +Blink rPois}
   866 | D:1      | 866 ||| UPGRADING to +1 hat "Mochyesm" {Drain +Blink
                  | rPois}.
   905 | D:2      | Noticed Robin
   915 | D:2      | Killed Robin
   916 | D:2      | Reached XP level 4. HP: 26/28 MP: 4/4
  1028 | D:2      | Reached skill level 4 in Axes
  1130 | D:2      | Noticed Natasha
  1131 | D:2      | 1131 ||| Stepping ~*~*~tactically~*~*~ (hiding).
  1132 | D:2      | 1132 ||| Stepping ~*~*~tactically~*~*~ (hiding).
  1150 | D:2      | HP: 5/28 [something (4)]
  1152 | D:2      | Killed from afar by Natasha

Levels and vault maps discovered:
D:1:      beargit_arrival_diablo_church, layout_basic, kennysheep_another_room,
          hangedman_decor_opposing, corexii_leaking_fountain,
          minmay_fountain_box
D:2:      layout_basic, basic_altar, grunt_ministairs_12, uniq_robin,
          uniq_natasha

Skill      XL: |  1  2  3  4 |
---------------+-------------+-----
Axes           | 2 3 4 |  4.1
Fighting       | |  3.2
Armour         | |  3.2
Shields        | |  3.2

Action                     |  1- 3 |  4- 6 || total
---------------------------+-------+-------++-------
  Melee: War axe           |    83 |    23 ||   106
    Use: Scroll            |     3 |       ||     3
 Armour: Scale mail        |    45 |    16 ||    61
  Dodge: Dodged            |    39 |     9 ||    48
  Block: Buckler           |    13 |     9 ||    22

Table legend:
 A = Non-vault XP
 B = Vault XP
 C = Vault XP percentage of total XP
 D = Non-vault monster count
 E = Vault monster count
 F = Vault count percentage of total count
                 A         B        C        D         E       F
            +---------+---------+-------+---------+---------+-------
      Total |      79 |      42 |  34.7 |      33 |      16 |  32.7
            +---------+---------+-------+---------+---------+-------
        D:1 |      47 |       1 |   2.1 |      27 |       1 |   3.6
        D:2 |      32 |      41 |  56.2 |       6 |      15 |  71.4
            +---------+---------+-------+---------+---------+-------
